 Dungeon Sprint DCSS version 0.20-a0-1124-g2e29d97 (webtiles) character file.

4964 potatolord6000 the Warrior (level 10, -14/126 (127) HPs)
             Began as an Ogre Fighter on May 16, 2017.
             Was an Initiate of Gozag.
             Demolished by a vampire knight
             ... wielding a +3 vampiric spear
              (20 damage)
             ... in the Dungeon (Sprint V: "Ziggurat Sprint").
             The game lasted 00:08:15 (1606 turns).

potatolord6000 the Warrior (Ogre Fighter)           Turns: 1606, Time: 00:08:16

HP:   -14/126 (127) AC: 23    Str: 37    XL:     10   Next: 53%
MP:   10/10         EV:  8    Int: 13    God:    Gozag
Gold: 1241          SH:  0    Dex:  8    Spells: 9/9 levels left

rFire    + . .     SeeInvis .   y - +10 dark maul {crush}
rCold    + . .     Gourm    .   (shield currently unavailable)
rNeg     + . .     Faith    +   a - +5 gold dragon scales
rPois    +         Spirit   .   (helmet restricted)
rElec    .         Reflect  .   (no cloak)
rCorr    .         Harm     .   (gloves unavailable)
MR       +....     NoTele   +   (boots unavailable)
Stlth    ..........             n - amulet "Qasury" {Faith rN+ Int+4}
Regen    0.0/turn               C - +6 ring of strength
MPRegen  0.2/turn               D - +6 ring of strength

@: lethally poisoned (-14 -> -26), non-regenerating, diseased
A: unfitting armour, tough skin 1
a: Potion Petition, Call Merchant, Bribe Branch, Renounce Religion


You were in the Dungeon.
You worshipped Gozag.
Gozag was most pleased with you.
You were very full.

You visited 1 branch You collected 3411 gold pieces.
You paid 2170 gold pieces to Gozag.

Inventory:

Hand Weapons
 y - the +10 dark maul (weapon) {crush}
   (You found it in the Dungeon)

   It inflicts extra damage upon your enemies.
Armour
 a - +5 gold dragon scales (worn)
Jewellery
 n - the amulet "Qasury" (around neck) {Faith rN+ Int+4}
   (You found it in the Dungeon)

   [amulet of faith]

   It allows you to gain divine favour quickly.
   It affects your intelligence (+4).
   It protects you from negative energy.
 C - a +6 ring of strength (left hand)
 D - a +6 ring of strength (right hand)
Scrolls
 k - 4 scrolls of blinking
 p - 4 scrolls of amnesia
 q - 3 scrolls of recharging
 r - 7 scrolls of fog
 s - a scroll of holy word
 t - 5 scrolls of identify
 u - 5 scrolls of remove curse
 v - 2 scrolls of fear
Potions
 c - 2 potions of brilliance
 d - 4 potions of might
 e - 5 potions of curing
 g - 6 potions of heal wounds
 h - 4 potions of haste
 i - 7 potions of magic
 j - 3 potions of berserk rage
 l - 2 potions of invisibility
 m - 4 potions of resistance
 o - 5 potions of agility
Comestibles
 f - 5 bread rations
 w - 42 fruits
 x - 2 meat rations


   Skills:
 + Level 15.7 Fighting
 + Level 11.5 Maces & Flails
 + Level 10.4 Armour
 + Level 11.5 Dodging
   Level 2.6 Shields


You had 9 spell levels left.
You didn't know any spells.

Dungeon Overview and Level Annotations

Branches:
Dungeon (1/1)

Altars:
Ashenzari
Cheibriados
Dithmenos
Elyvilon
Fedhas
Gozag
Hepliaklqana
Kikubaaqudgha
Makhleb
Nemelex Xobeh
Okawaru
Qazlal
Ru
Sif Muna
Trog
Uskayaw
Vehumet
Wu Jian
Xom
Yredelemnul
Zin
The Shining One
Beogh
Jiyva
Lugonu

Shops:
D [==


Innate Abilities, Weirdness & Mutations

You are too large for most types of armour.
You have tough skin. (AC +1)


Message History

You feel less confused.
You feel very sick. Something hits you but does no damage.
The ghoul claws you but does no damage. x2
Something hits you.
The skeletal warrior hits you but does no damage.
Something hits you.
The lich gestures wildly while chanting.
The cacodemon hits you. x2; Something hits you but does no damage.
The lich touches you. Something hits you but does no damage.
The skeletal warrior hits you from afar with a glaive.
Unknown command.
You crush the lich like a grape!!!
The lich is severely damaged.
You feel sick. Something hits you but does no damage.
The cacodemon gestures at you. The bolt of energy hits you!
* * * LOW HITPOINT WARNING * * *
Something hits you!!
You die...
Your body crumbles into a pile of gold.

▓..:)["=..▓
▓..:?}.|..▓...})))..▓
▓.........▓.........▓
▓.........▓.........▓
▓.........▓.........▓
▓..{......▓.........▓
▓...{.z...▓.▓.....▓.▓
▓.▓.nL2.▓.▓.........▓
▓...n@$Z..▓▓▓▓▓▓▓▓▓▓▓
▓▓▓▓▓▓▓▓▓▓▓


You could see a ghoul, a cacodemon, a lich, a skeletal warrior, a necrophage and
a bat zombie.

Vanquished Creatures
  2 vampire magi (D)
  A black mamba (D)
  2 spiny frogs (D)
  A slime creature (D)
  4 yaks (D)
  A small abomination (D)
  A golden eye (D)
  A basilisk (D)
  A naga (D)
  5 water moccasins (D)
  An orc warrior (D)
  A phantom (D)
  2 wolves (D)
  A crocodile (D)
  3 bullfrogs (D)
  3 jellies (D)
  4 orc priests (D)
  3 orc wizards (D)
  An iron imp (D)
  4 iguanas (D)
  2 river rats (D)
  A shadow imp (D)
  3 orcs (D)
  2 jackals (D)
  5 ball pythons (D)
  A jackal zombie (D)
56 creatures vanquished.

Vanquished Creatures (others)
  An adder skeleton (D)
1 creature vanquished.

Grand Total: 57 creatures vanquished

Notes
Turn   | Place    | Note
-------+----------+-------------------------------------------
     0 | D        | potatolord6000 the Ogre Fighter began the quest for the Orb.
     0 | D        | Reached XP level 1. HP: 24/24 MP: 1/1
     7 | D        | Found a blossoming altar of Fedhas.
     9 | D        | Found a deep blue altar of Sif Muna.
     9 | D        | Found a sacrificial altar of Ru.
     9 | D        | Found a bloodstained altar of Trog.
     9 | D        | Found a stormy altar of Qazlal.
     9 | D        | Found an iron altar of Okawaru.
     9 | D        | Found a sparkling altar of Nemelex Xobeh.
    11 | D        | Found an ancient bone altar of Kikubaaqudgha.
    11 | D        | Found a viscous altar of Jiyva.
    11 | D        | Found a corrupted altar of Lugonu.
    11 | D        | Found a hazy altar of Hepliaklqana.
    11 | D        | Found a burning altar of Makhleb.
    11 | D        | Found an opulent altar of Gozag.
    94 | D        | Became a worshipper of Gozag Ym Sagoz the Greedy
   113 | D        | Reached skill level 6 in Fighting
   113 | D        | Reached XP level 2. HP: 36/36 MP: 2/2
   140 | D        | Entered arena 2.
   140 | D        | Noticed a phantom
   145 | D        | Killed a phantom
   145 | D        | Reached skill level 7 in Fighting
   145 | D        | Reached skill level 5 in Dodging
   145 | D        | Reached XP level 3. HP: 48/48 MP: 3/3
   145 | D        | Reached XP level 4. HP: 57/57 MP: 4/4
   156 | D        | Entered arena 3.
   156 | D        | Noticed a small abomination
   162 | D        | Killed a small abomination
   162 | D        | Reached skill level 9 in Fighting
   162 | D        | Reached skill level 5 in Armour
   162 | D        | Reached XP level 5. HP: 61/67 MP: 5/5
   162 | D        | Reached XP level 6. HP: 69/75 MP: 6/6
   178 | D        | Entered arena 4.
   178 | D        | Noticed a water moccasin
   178 | D        | Noticed a water moccasin
   181 | D        | Killed a water moccasin
   181 | D        | Reached skill level 10 in Fighting
   184 | D        | Killed a water moccasin
   184 | D        | Reached XP level 7. HP: 83/87 MP: 7/7
   204 | D        | Got the ring "Ofiqi Qiza" {Ice MR+ Int+4}
   216 | D        | Entered arena 5.
   223 | D        | Reached skill level 11 in Fighting
   297 | D        | Entered arena 6.
   297 | D        | Noticed a golden eye
   297 | D        | Noticed a slime creature
   307 | D        | Killed a slime creature
   308 | D        | Reached XP level 8. HP: 98/98 MP: 8/8
   324 | D        | Reached skill level 12 in Fighting
   334 | D        | Got the amulet "Qasury" {Faith rN+ Int+4}
   378 | D        | Entered arena 7.
   378 | D        | Noticed a yak
   382 | D        | Killed a yak
   575 | D        | Entered arena 8.
   575 | D        | Noticed a black mamba
   586 | D        | Reached skill level 13 in Fighting
   589 | D        | Killed a black mamba
   589 | D        | Reached XP level 9. HP: 35/110 MP: 9/9
   856 | D        | Entered arena 9.
   917 | D        | Entered arena 10.
   917 | D        | Noticed a spiny frog
   917 | D        | Noticed a spiny frog
   922 | D        | Killed a spiny frog
   922 | D        | Reached skill level 14 in Fighting
   922 | D        | Reached skill level 10 in Maces & Flails
   922 | D        | Reached skill level 10 in Dodging
   923 | D        | Killed a spiny frog
  1253 | D        | Entered arena 11.
  1259 | D        | Reached XP level 10. HP: 93/123 MP: 10/10
  1269 | D        | Reached skill level 15 in Fighting
  1596 | D        | Entered arena 12.
  1596 | D        | Noticed a vampire mage
  1596 | D        | Noticed a vampire mage
  1596 | D        | Noticed a lich
  1596 | D        | Noticed a ghoul
  1596 | D        | Noticed a vampire knight
  1597 | D        | Noticed a cacodemon
  1598 | D        | Noticed a necromancer
  1598 | D        | Killed a vampire mage
  1598 | D        | Reached skill level 10 in Armour
  1599 | D        | Noticed a skeletal warrior
  1600 | D        | Killed a vampire mage
  1600 | D        | HP: 6/127 [ghoul (11)]
  1606 | D        | HP: 6/126 [disintegration[a lich] (32)]
  1606 | D        | Demolished by a vampire knight

Vault maps used:
D:        sprint_v

Skill      XL: |  1  2  3  4  5  6  7  8  9 10 |
---------------+-------------------------------+-----
Fighting       | 6 7 9 10 11 13 14 15 | 15.7
Maces & Flails | 3 4 6 7 8 9 10 11 | 11.5
Armour         | 2 4 5 6 7 8 9 10 | 10.4
Dodging        | 4 5 6 7 8 9 10 11 | 11.5
Shields        | |  2.6

Action                   |  1- 3 |  4- 6 |  7- 9 | 10-12 || total
-------------------------+-------+-------+-------+-------++-------
Melee: Maul              |     3 |     9 |    65 |    16 ||    93
Invok: Call Merchant     |       |       |     3 |       ||     3
  Use: Potion            |     2 |     1 |     8 |     3 ||    14
 Stab: Distracted        |       |       |     1 |       ||     1
  Eat: Meat ration       |       |       |     2 |       ||     2
Armor: Gold dragon scale |     5 |    20 |   257 |    65 ||   347
Dodge: Dodged            |       |     9 |   113 |    44 ||   166
